 Dungeon Crawl Stone Soup version 0.27-a0-909-g0721f309d1 (webtiles) character file.

Game seed: 9107441592402503649

20 EnegeticOcto the Magician (level 2, 6/21 HPs)
             Began as a Djinni Venom Mage on Apr 8, 2021.
             Was a Follower of Dithmenos.
             Quit the game on level 2 of the Dungeon.
             The game lasted 00:01:26 (220 turns).

EnegeticOcto the Magician (Djinni Venom Mage)        Turns: 220, Time: 00:01:26

Health: 6/21       AC:  2    Str:  7    XL:     2   Next: 79%
Gold:   28         EV: 12    Int: 16    God:    Dithmenos [*.....] SH:  0 Dex: 13

rFire    + + .     SeeInvis .   f - +1 dagger (elec)
rCold    x . .     Faith    .   (no shield)
rNeg     . . .     Spirit   .   a - +0 robe
rPois    ∞         Reflect  .   (no helmet)
rElec    .         Harm     .   (no cloak)
rCorr    .         Rampage  .   (no gloves)
Will     .....                  (boots unavailable)
Stlth    ++........             (no amulet)
HPRegen  0.07/turn              (no ring)
MPRegen  0.00/turn              (no ring)

@: flying, wreathed by umbra
A: fire resistance 2, cold vulnerability 1, float, innate caster, hp casting,
extra vitality 1
a: Renounce Religion


You were on level 2 of the Dungeon.
You worshipped Dithmenos.
Dithmenos was aware of your devotion.
You visited 1 branch of the dungeon, and saw 2 of its levels.

You collected 28 gold pieces.

Inventory:

Hand Weapons
 f - a +1 dagger of electrocution (weapon)
   (You found it on level 2 of the Dungeon)
Armour
 a - a +0 robe (worn)
Potions
 b - a potion of haste {@q4 !q}


   Skills:
 - Level 2.1 Dodging
 - Level 1.5 Stealth
 + Level 3.4 Spellcasting


You couldn't memorise any spells.
You knew the following spells:

 Your Spells              Type           Power      Damage    Failure   Level
a - Sting                 Tmut/Pois      52%        1d5       4%          1
b - Poisonous Vapours     Pois/Air       26%        N/A       6%          2
c - Mephitic Cloud        Conj/Pois/Air  13%        N/A       13%         3
d - Ignite Poison         Fire/Tmut/Pois 13%        N/A       13%         3
e - Olgreb's Toxic Radia  Pois           13%        N/A       38%         4
Your spell library was empty.

Dungeon Overview and Level Annotations

Branches:
Dungeon (2/15)

Altars:
Dithmenos


Innate Abilities, Weirdness & Mutations

You are immune to poison.
Your flesh is very heat resistant. (rF++)
You are vulnerable to cold. (rC-)
You float through the air rather than walking.
You learn spells naturally, not from books.
Your magical power is your life essence.
You have superior vitality. (+4 HP)


Message History

The sting misses the adder.
The adder bites you.
Casting: Sting (safe; 5% risk of failure)
Confirm with . or Enter, or press ? or * to list all spells.
Aiming: Sting (safe; 5% risk of failure)
Press: ? - help, Shift-Dir - straight line, f/p - adder
Aim: an adder (moderately wounded, poisoned, 47% to evade)
The sting hits the adder.
The adder looks even sicker.
The adder is severely wounded.
The adder barely misses you.
You hit the adder.
The adder is almost dead.
The adder barely misses you.
You miss the adder.
The adder is almost dead.
The adder closely misses you. The adder bites you.
You hit the adder.
You kill the adder!
You have reached level 2!
You reach down and open the door.
Found a faded altar of an unknown god.
There is an open door here.
Casting: Sting (safe; 4% risk of failure)
Confirm with . or Enter, or press ? or * to list all spells.
Aiming: Sting (safe; 4% risk of failure)
Press: ? - help, Shift-Dir - straight line, f - you That beam is likely to hit you.
Continue anyway? [Y]es or [N]o only, please.
That beam is likely to hit you.
Continue anyway? [Y]es or [N]o only, please.
That beam is likely to hit you.
Continue anyway?
Okay, then.
Casting: Sting (safe; 4% risk of failure)
Confirm with . or Enter, or press ? or * to list all spells.
Aiming: Sting (safe; 4% risk of failure)
Press: ? - help, Shift-Dir - straight line, f - bat
Aim: a bat (43% to evade)
The sting hits the bat.
The bat is poisoned.
You kill the bat!
A worm comes into view.
There is a faded altar of an unknown god here.
You cannot tell which god this altar belongs to.
Convert to them anyway?
Dithmenos accepts your prayer! Dithmenos welcomes you!
You are shrouded in an aura of darkness!
You reach down and open the door.
There is an open door here.
Casting: Sting (safe; 4% risk of failure)
Confirm with . or Enter, or press ? or * to list all spells.
Aiming: Poisonous Vapours (safe; 7% risk of failure)
Press: ? - help, Dir - move target, f - worm
Aim: a worm (wandering, hasn't noticed you) Poisonous vapours surround the worm!
The worm is engulfed in poison gas.
The worm is poisoned.
Casting: Poisonous Vapours (safe; 7% risk of failure)
Confirm with . or Enter, or press ? or * to list all spells.
Aiming: Poisonous Vapours (safe; 7% risk of failure)
Press: ? - help, Dir - move target, f - you That would be overly suicidal.
Okay, then.
Unknown command.
Casting: Poisonous Vapours (safe; 7% risk of failure)
Confirm with . or Enter, or press ? or * to list all spells.
Aiming: Poisonous Vapours (safe; 7% risk of failure)
Press: ? - help, Dir - move target, f - worm
Aim: a worm (moderately wounded, poisoned) Poisonous vapours surround the worm!
The worm looks even sicker.
Casting: Poisonous Vapours (safe; 7% risk of failure)
Confirm with . or Enter, or press ? or * to list all spells.
Aiming: Sting (safe; 4% risk of failure)
Press: ? - help, Shift-Dir - straight line, f/p - worm
Aim: a worm (moderately wounded, very poisoned, 10% to evade)
The sting hits the worm.
The worm looks even sicker.
The worm is heavily wounded.
You hit the worm but do no damage. Lightning courses through the worm!!
You kill the worm!
Dithmenos accepts your kill.
A frilled lizard comes into view.
The frilled lizard hisses angrily.
You barely miss the frilled lizard.
The goblin shouts!
You hear a bark!
The frilled lizard barely misses you.
You hit the frilled lizard.
You kill the frilled lizard!
Dithmenos accepts your kill.
You see here a frilled lizard corpse.
Are you sure you want to abandon this character and quit the game? (Confirm with "yes".)
Okay, then.
As you read the scroll labelled IHOIRA EZICZOP, it crumbles to dust.
The air around you briefly surges with heat, but it dissipates.
It was a scroll of immolation.
As you read the scroll labelled PEUF NARIDUDD, it crumbles to dust.
Your body is wracked with pain!
* * * LOW HITPOINT WARNING * * *
It was a scroll of torment.
As you read the scroll labelled TITSOO QONAA, it crumbles to dust.
It is a scroll of identify.
b - a potion of haste
As you read the scroll labelled XATOXA NIPAGREKLU, it crumbles to dust.
The scroll dissolves into smoke.
It was a scroll of fog.
Are you sure you want to abandon this character and quit the game? (Confirm with "yes".)

......#.#......##
##.##.##
......#.#......# ##
#
......#.##._.#.#####
#######. ##'##.....#
.... #####....# ##
#....# #§§..# #§§§.#
#§@§.# #§§§.# ######
.... #####


.ghh .... ....# You could see 2 jackals and a goblin.

Vanquished Creatures
  An adder (D:2)
  A worm (D:2)
  A goblin (D:2)
  A hobgoblin (D:1)
  A quokka (D:2)
  2 bats (D:2)
  A frilled lizard (D:2)
  A kobold (D:1)
9 creatures vanquished.

Notes
Turn   | Place    | Note
-------+----------+-------------------------------------------
     0 | D:1      | EnegeticOcto the Djinni Venom Mage began the quest for the
                  | Orb.
     0 | D:1      | Reached XP level 1. HP: 15/15 MP: 0/0
   130 | D:2      | Reached skill level 3 in Spellcasting
   183 | D:2      | Reached XP level 2. HP: 12/21 MP: 0/0
   188 | D:2      | Found a faded altar of an unknown god.
   196 | D:2      | Became a worshipper of Dithmenos the Shadowed
   196 | D:2      | Reached * piety under Dithmenos
   220 | D:2      | Quit the game

Illustrated notes

Levels and vault maps discovered:
D:1:      giann_bridges, layout_rooms
D:2:      layout_loops_corners, basic_ecumenical_altar, basic_altar,
          serial_co_window_serial, co_window_corner_a, co_window_corner_a,
          co_window_of_opportunity_a, co_window_paths_a, co_window_corner_a,
          co_window_corner_cb, co_window_2corner, co_window_broadway_a,
          co_window_broadway_c, co_window_unsneaky_path_c, co_window_2corner,
          glass_columns_a, glass_columns_b, glass_columns_b, uniq_sigmund

Skill      XL: |  1 |
---------------+----+-----
Spellcasting   | 3 |  3.4
Dodging        | |  2.1
Stealth        | |  1.5

Action                   || total
-------------------------++-------
Melee: Dagger            ||    11
 Cast: Sting             ||    11
       Poisonous Vapours ||     2
  Use: Scroll            ||     4
Armor: Robe              ||     4
Dodge: Dodged            ||    10

Table legend: (Time is in decaauts)
 A = Elapsed time spent in this place.
 B = Non-inter-level travel time spent in this place.
 C = Inter-level travel time spent in this place.
 D = Time resting spent in this place.
 E = Time spent auto-exploring this place.
 F = Levels seen in this place.
 G = Mean time per level.
                   A        B        C        D        E       F      G
               +--------+--------+--------+--------+--------+-----+--------+
         Total |    219 |    219 |      0 |      0 |      0 |   2 |  109.5 |
       Dungeon |    219 |    219 |      0 |      0 |      0 |   2 |  109.5 |
               +--------+--------+--------+--------+--------+-----+--------+

Top non-repeatable levels by time:
     D:2: 164 daAuts
     D:1: 55 daAuts
